[Event "Titled Tuesday Blitz April 26 Early 2022"]
[White "Terry, Renato"]
[Black "Leiva, Gianmarco"]
[WhiteFideId "3803457"]
[BlackFideId "3804399"]
[WhiteElo "2577"]
[BlackElo "2323"]
[Result "1-0"]
[Round "11"]
[TimeControl "180+1"]
[Date "2022.04.26"]
[WhiteClock "0:00:45"]
[BlackClock "0:00:01"]

1. e4 c6 2. Nc3 d5 3. Nf3 dxe4 4. Nxe4 Nf6 5. Ng3 h5 6. d3 h4 7. Ne4 Nxe4 8. dxe4 Qxd1+ 9. Kxd1 Bg4 10. h3 Bxf3+ 11. gxf3 e5 12. f4 Bc5 13. Ke2 exf4 14. Bxf4 f6 15. Bg2 Ke7 16. Rad1 Nd7 17. Bh2 g5 18. Bf3 Rad8 19. Bc7 Rc8 20. Bh2 Rcd8 21. Bc7 Rc8 22. Ba5 Ne5 23. Rd2 Nc4 24. Bc3 Nxd2 25. Bxd2 Rcd8 26. Bc1 a5 27. Bg4 Bd6 28. c3 Be5 29. Be3 Bf4 30. Bd4 b6 31. Bxb6 Rd2+ 32. Kf3 Rxb2 33. Bxa5 c5 34. Rd1 Ra8 35. Rd7+ Ke8 36. Bc7 Rb7 37. Rh7 Rxa2 38. Rh8+ Kf7 39. Bxf4 Rb3 40. Be3 Rxc3 41. Rc8 c4 42. Rc7+ Kf8 43. Be6 Ra6 44. Bxc4 Ra4 45. Rf7+ Ke8 46. Bd5 Ra1 47. Rxf6 Rh1 48. Kg4 Rcc1 49. f3 Rce1 50. Bc5 Re2 51. Bc6+ Kd8 52. Bd6 Rg2+ 53. Kf5 1-0


[Site "https://www.chess.com"]

[Event "Titled Tuesday Blitz April 26 Early 2022"]
[White "Torres Hernandez, Leslie Carolin"]
[Black "Samaganova, Aleksandra"]
[WhiteFideId "8400504"]
[BlackFideId "13800221"]
[WhiteElo "1920"]
[BlackElo "1859"]
[Result "0-1"]
[Round "11"]
[TimeControl "180+1"]
[Date "2022.04.26"]
[WhiteClock "0:00:21"]
[BlackClock "0:00:28"]

1. e4 c5 2. Nf3 e6 3. d4 cxd4 4. Nxd4 a6 5. c4 Qc7 6. Nc3 Nf6 7. Be2 Bb4 8. Qd3 d6 9. O-O Bxc3 10. bxc3 Nbd7 11. f3 Ne5 12. Qc2 O-O 13. Qb3 Bd7 14. Be3 Rfc8 15. Rfc1 Nxc4 16. Bxc4 Qxc4 17. Qa3 d5 18. e5 Ne8 19. Qe7 Bc6 20. f4 Rc7 21. Qg5 Qd3 22. Kf2 Ba4 23. f5 exf5 24. Nxf5 f6 25. exf6 Nxf6 26. Bd4 Ne4+ 0-1


[Site "https://www.chess.com"]

[Event "Titled Tuesday Blitz April 26 Early 2022"]
[White "Vagman, Roy"]
[Black "Petrova, Irina"]
[WhiteFideId "2828995"]
[BlackFideId "14124122"]
[WhiteElo "1927"]
[BlackElo "1993"]
[Result "1-0"]
[Round "11"]
[TimeControl "180+1"]
[Date "2022.04.26"]
[WhiteClock "0:01:59"]
[BlackClock "0:01:26"]

1. e4 c5 2. Nf3 Nc6 3. b4 cxb4 4. d4 d5 5. exd5 Qxd5 6. c4 bxc3 7. Nxc3 Qd8 8. d5 Nb8 9. Bf4 Nf6 10. Ne5 Nbd7 11. Nc4 Nb6 12. Nxb6 Qxb6 13. Bb5+ Bd7 14. Bxd7+ Nxd7 15. O-O g6 16. Rb1 Qa5 17. Nb5 Rc8 18. Re1 Qa6 19. Nd6+ Kd8 20. Nxb7+ Ke8 21. Nd6+ Kd8 22. Nxf7+ 1-0


[Site "https://www.chess.com"]

[Event "Titled Tuesday Blitz April 26 Early 2022"]
[White "Van den Dikkenberg, Erik"]
[Black "Menna Barreto, Felipe Kubiaki"]
[WhiteFideId "1005880"]
[BlackFideId "2119757"]
[WhiteElo "2118"]
[BlackElo "2261"]
[Result "1-0"]
[Round "11"]
[TimeControl "180+1"]
[Date "2022.04.26"]
[WhiteClock "0:03:00"]
[BlackClock "0:00:07"]

1. e4 c6 2. d4 d5 3. exd5 cxd5 4. Bd3 Nc6 5. c3 Nf6 6. f4 Bg4 7. Nf3 e6 8. O-O Be7 9. Nbd2 O-O 10. Qe1 Bxf3 11. Nxf3 Rb8 12. Ne5 b5 13. Nxc6 1-0


[Site "https://www.chess.com"]

[Event "Titled Tuesday Blitz April 26 Early 2022"]
[White "Vasquez Schroeder, Rodrigo"]
[Black "Deac, Bogdan-Daniel"]
[WhiteFideId "3400042"]
[BlackFideId "1226380"]
[WhiteElo "2561"]
[BlackElo "2648"]
[Result "1/2-1/2"]
[Round "11"]
[TimeControl "180+1"]
[Date "2022.04.26"]
[WhiteClock "0:00:32"]
[BlackClock "0:00:06"]

1. e4 e5 2. Nf3 Nf6 3. d4 Nxe4 4. Bd3 d5 5. Nxe5 Nd7 6. Nxd7 Bxd7 7. Nc3 Qh4 8. O-O Nxc3 9. bxc3 O-O-O 10. Qf3 Be6 11. Bf4 Bd6 12. Bg3 Qg4 13. Qxg4 Bxg4 14. Rfe1 Be6 15. Be5 Bxe5 16. Rxe5 Rd6 17. f4 Kd8 18. f5 Bd7 19. Kf2 f6 20. Re3 Rb6 21. Ke2 Re8 22. Rxe8+ Bxe8 23. Kd2 c5 24. dxc5 Rc6 25. Rb1 Rc7 26. Ke3 Bc6 27. Kd4 Re7 28. g4 h6 29. h4 Bd7 30. Kxd5 Bc6+ 31. Kd4 Rd7+ 32. Ke3 Re7+ 33. Kd2 Re5 34. Rb4 Rxc5 35. Be4 Kc7 36. Bxc6 Kxc6 37. Re4 Kd6 38. h5 Ra5 39. a4 b6 40. Kd3 Rc5 41. Rd4+ Ke7 42. Rc4 Rd5+ 43. Ke4 Re5+ 44. Kf4 Ra5 45. Rd4 Rc5 46. Re4+ Kf8 47. Rd4 Rxc3 48. Rd8+ Ke7 49. Rb8 Rc4+ 50. Kf3 Rxa4 51. Rb7+ Kf8 52. Ke3 Rxg4 53. Rxa7 Rg5 54. Ke4 Rxh5 55. Rb7 Rh2 56. c4 Re2+ 57. Kd4 Re5 58. Rxb6 Rxf5 59. c5 Ke8 60. Rb7 g5 61. Rh7 g4 62. Rxh6 g3 63. Rg6 Rg5 64. Rxg5 fxg5 65. Ke3 g4 66. Ke2 Kd7 67. Kf1 Kc6 68. Kg2 Kxc5 69. Kxg3 Kd4 70. Kxg4 1/2-1/2


[Site "https://www.chess.com"]

[Event "Titled Tuesday Blitz April 26 Early 2022"]
[White "Vlassov, Nikolai"]
[Black "Elgersma, Onno"]
[WhiteFideId "4103360"]
[BlackFideId "1053531"]
[WhiteElo "2407"]
[BlackElo "2304"]
[Result "1-0"]
[Round "11"]
[TimeControl "180+1"]
[Date "2022.04.26"]
[WhiteClock "0:00:12"]
[BlackClock "0:00:10"]

1. e4 e6 2. d4 d5 3. exd5 exd5 4. Nf3 Nc6 5. Bd3 Bg4 6. O-O Bd6 7. c3 Nge7 8. Re1 Qd7 9. b4 f6 10. h3 Bh5 11. Ne5 Bxd1 12. Nxd7 Bh5 13. Nc5 Bxc5 14. dxc5 Bg6 15. Bf1 Kf7 16. Bf4 Rac8 17. Nd2 Rhe8 18. Nf3 Be4 19. b5 Na5 20. Nd4 Nf5 21. f3 Nxd4 22. cxd4 Bf5 23. Rxe8 Kxe8 24. g4 Bg6 25. Rc1 Bf7 26. Kf2 Nc4 27. h4 Be6 28. Bd3 h6 29. g5 hxg5 30. hxg5 Kf7 31. gxf6 Kxf6 32. c6 bxc6 33. bxc6 g5 34. Bg3 Rb8 35. Bxc7 Rc8 36. Bxc4 dxc4 37. Be5+ Kf5 38. c7 g4 39. fxg4+ Ke4 40. g5 Bd5 41. g6 Kd3 42. Rb1 c3 43. g7 c2 44. Rc1 Kd2 45. Bf4+ Kd3 46. a3 Rg8 47. Rg1 Kc3 48. Bc1 Kxd4 49. Rg5 Bc4 50. Kg3 Kd3 51. Rc5 Be6 52. Kf4 Bc8 53. Bb2 Kd2 54. Kg5 Rxg7+ 55. Bxg7 c1=Q 56. Rxc1 Kxc1 57. Kf6 Kc2 58. Ke7 Kb3 59. Kd8 Ba6 60. Bf8 Ka4 61. c8=Q Bxc8 62. Kxc8 Kb5 63. Kb7 a5 64. Be7 a4 65. Bf8 Kc4 66. Kc6 Kd4 67. Bd6 Kc4 68. Bc5 Kd3 69. Kd5 Kc3 70. Bb4+ Kd3 71. Bc5 Kc3 72. Bf8 Kd3 73. Be7 Kc3 74. Kc5 Kd3 75. Kb4 Ke4 76. Kxa4 Kd5 77. Kb5 Ke6 78. Kc6 Kxe7 79. Kc7 Ke6 80. a4 Kd5 81. a5 Kc5 82. a6 Kb5 83. a7 1-0


[Site "https://www.chess.com"]

[Event "Titled Tuesday Blitz April 26 Early 2022"]
[White "Wagner, Dennis"]
[Black "Matamoros Franco, Carlos S."]
[WhiteFideId "24650684"]
[BlackFideId "3600017"]
[WhiteElo "2355"]
[BlackElo "2554"]
[Result "0-1"]
[Round "11"]
[TimeControl "180+1"]
[Date "2022.04.26"]
[WhiteClock "0:00:50"]
[BlackClock "0:00:25"]

1. e4 c5 2. Nf3 Nc6 3. d4 cxd4 4. Nxd4 e5 5. Nb5 d6 6. N1c3 a6 7. Na3 Be7 8. Nc4 b5 9. Ne3 Nf6 10. Bd3 Nb4 11. Be2 O-O 12. O-O Rb8 13. a3 Nc6 14. Bd3 Bd7 15. Ncd5 Nxd5 16. Nxd5 Bg5 17. c3 Bxc1 18. Rxc1 Ne7 19. Ne3 Be6 20. Bb1 d5 21. exd5 Nxd5 22. Qh5 g6 23. Qxe5 Nxe3 24. Qxe3 Re8 25. Rfd1 Qf6 26. Qd4 Qg5 27. h4 Qe7 28. Qf4 Rbd8 29. Bc2 h5 30. Rxd8 Rxd8 31. Rd1 Rxd1+ 32. Bxd1 Qc5 33. Bf3 a5 34. g3 Qc8 35. Kg2 Bc4 36. Qd6 a4 37. Bc6 Qf5 38. Qd8+ Kh7 39. Qd4 Qb1 40. Bd5 Qf1+ 41. Kf3 Qh1+ 42. Kf4 Qxd5 43. Qxd5 Bxd5 44. Ke5 Bc4 45. Kf6 Kg8 46. f4 Kf8 47. f5 gxf5 48. Kxf5 Kg7 49. Kg5 Be2 50. Kf5 f6 51. Ke4 Kg6 52. Ke3 Bc4 53. Kf4 f5 54. Ke5 Bb3 55. Kd6 Kf6 56. Kc5 Bc4 57. Kd6 Bd3 58. Kd5 Be2 59. Kd4 Bc4 60. Ke3 Ke5 61. Kf3 Bd5+ 62. Ke3 Be4 63. Kf2 f4 64. gxf4+ Kxf4 65. Ke2 Bd5 66. Kd3 Bc4+ 67. Kd4 Kg4 68. Ke3 Kxh4 69. Kf4 Kh3 70. Kg5 h4 71. Kf4 Kg2 72. Kg4 h3 0-1


[Site "https://www.chess.com"]

[Event "Titled Tuesday Blitz April 26 Early 2022"]
[White "Wartiovaara, Oliver"]
[Black "Legenia, Artem"]
[WhiteFideId "513024"]
[BlackFideId "14136945"]
[WhiteElo "1971"]
[BlackElo "1936"]
[Result "1-0"]
[Round "11"]
[TimeControl "180+1"]
[Date "2022.04.26"]
[WhiteClock "0:00:33"]
[BlackClock "0:01:36"]

1. d4 f5 2. Nf3 e6 3. g3 Nf6 4. Bg2 d6 5. O-O Be7 6. b3 O-O 7. Bb2 Nc6 8. c4 Bd7 9. Nc3 Be8 10. Ng5 Qc8 11. d5 Nd8 12. dxe6 h6 13. Nf3 Nxe6 14. Nd4 Nc5 15. e3 Nce4 16. Qc2 Nxc3 17. Bxc3 Ng4 18. Ne6 Rf7 19. Nf4 c6 20. Rad1 Ne5 21. e4 b6 22. exf5 Qxf5 23. Be4 Qc8 24. Bh7+ Kh8 25. Ng6+ Nxg6 26. Bxg6 Rf8 27. Rfe1 Qc7 28. Bxe8 Raxe8 29. Qg6 Bf6 30. Rxe8 1-0


[Site "https://www.chess.com"]

[Event "Titled Tuesday Blitz April 26 Early 2022"]
[White "Winkels, Marcel"]
[Black "Kaminski, Victor"]
[WhiteFideId "1003887"]
[BlackFideId "1131630"]
[WhiteElo "1900"]
[BlackElo "2181"]
[Result "0-1"]
[Round "11"]
[TimeControl "180+1"]
[Date "2022.04.26"]
[WhiteClock "0:00:32"]
[BlackClock "0:00:29"]

1. e4 c5 2. Nc3 Nc6 3. g3 h5 4. h4 d6 5. Bg2 e5 6. d3 Bg4 7. Nge2 Nd4 8. O-O Nf3+ 9. Bxf3 Bxf3 10. Bg5 Be7 11. Bxe7 Nxe7 12. Qd2 Ng6 13. Qg5 Qxg5 14. hxg5 h4 15. Kh2 Rh5 16. Ng1 Bg4 17. f3 Be6 18. g4 Rh7 19. Nh3 Ke7 20. a3 Rb8 21. b4 Rc8 22. Rab1 cxb4 23. Nd5+ Bxd5 24. exd5 Rxc2+ 25. Rf2 Rxf2+ 26. Nxf2 Rh8 27. Rxb4 b6 28. Rc4 Kd7 29. Ne4 Ne7 30. Ra4 a5 31. Rc4 Nxd5 32. Nc3 Ne3 33. Re4 Nc2 34. a4 Nd4 35. Kg2 h3+ 36. Kh1 Nxf3 37. g6 f6 38. Nd5 Ke6 39. Nxb6 Rb8 0-1


[Site "https://www.chess.com"]

[Event "Titled Tuesday Blitz April 26 Early 2022"]
[White "Yang, Kaiqi"]
[Black "Nozdrachev, Leonid"]
[WhiteFideId "8604398"]
[BlackFideId "24113433"]
[WhiteElo "2373"]
[BlackElo "2242"]
[Result "1-0"]
[Round "11"]
[TimeControl "180+1"]
[Date "2022.04.26"]
[WhiteClock "0:00:08"]
[BlackClock "0:00:01"]

1. d4 d6 2. Nf3 Nf6 3. g3 g6 4. Bg2 Bg7 5. O-O O-O 6. c4 Nc6 7. Nc3 Bf5 8. Bg5 Ne4 9. Nxe4 Bxe4 10. d5 Na5 11. b3 c6 12. Rc1 Bb2 13. Bh6 Re8 14. Qd2 Bxc1 15. Rxc1 Rc8 16. Bh3 e6 17. Qd4 e5 18. Qxe4 f5 19. Qd3 Qf6 20. Ng5 c5 21. e4 b5 22. Ne6 bxc4 23. bxc4 f4 24. gxf4 exf4 25. Qd2 Qh4 26. Bxf4 Qxh3 27. Qxa5 Qg4+ 28. Bg3 Re7 29. Re1 h5 30. h4 Rce8 31. Kg2 Rxe6 32. f3 g5 33. fxg4 R6e7 34. Bxd6 Rf7 35. hxg5 1-0


[Site "https://www.chess.com"]

[Event "Titled Tuesday Blitz April 26 Early 2022"]
[White "Zhigalko, Sergei"]
[Black "Asavasaetakul, Chawit"]
[WhiteFideId "13502956"]
[BlackFideId "6204856"]
[WhiteElo "2662"]
[BlackElo "1697"]
[Result "1-0"]
[Round "11"]
[TimeControl "180+1"]
[Date "2022.04.26"]
[WhiteClock "0:00:49"]
[BlackClock "0:01:08"]

1. e4 d5 2. exd5 Nf6 3. d4 Bg4 4. Bb5+ Nbd7 5. Be2 Bxe2 6. Qxe2 Nxd5 7. Nf3 e6 8. O-O Be7 9. c4 N5b6 10. Nc3 O-O 11. Rd1 c6 12. Bf4 Re8 13. b3 Bf6 14. Rd3 Nf8 15. Rad1 Ng6 16. Bg3 Qe7 17. Ne4 Rad8 18. a4 a6 19. Nxf6+ gxf6 20. h4 Kh8 21. h5 Nf8 22. Bh4 Nfd7 23. Ne5 Rg8 24. Rf3 a5 25. Rxf6 Nxf6 26. Qf3 Kg7 27. h6+ Kf8 28. Bxf6 1-0


[Site "https://www.chess.com"]

[Event "Titled Tuesday Blitz April 26 Early 2022"]
[White "volunteers1998"]
[Black "Mangialardo, Tiago Carvalho"]
[BlackFideId "2130718"]
[WhiteElo "2286"]
[BlackElo "2086"]
[Result "1-0"]
[Round "11"]
[TimeControl "180+1"]
[Date "2022.04.26"]
[WhiteClock "0:00:37"]
[BlackClock "0:00:03"]

1. e4 Nf6 2. e5 Nd5 3. c4 Nb6 4. d4 d6 5. f4 g6 6. Nc3 Bg7 7. Nf3 O-O 8. Be3 dxe5 9. fxe5 Nc6 10. Be2 Bg4 11. O-O f6 12. exf6 Bxf6 13. d5 Bxf3 14. Bxf3 Ne5 15. c5 Nbc4 16. Qe2 Nxf3+ 17. Rxf3 Bxc3 18. Rxf8+ Kxf8 19. Qxc4 Bxb2 20. Rb1 Bf6 21. Rxb7 Qc8 22. Bh6+ Ke8 23. Rb1 Qf5 24. Re1 Rd8 25. d6 cxd6 26. cxd6 Rxd6 27. Qg8+ Kd7 28. Rc1 Rc6 29. Rd1+ Rd6 30. Re1 Bd4+ 31. Kh1 Qf2 32. Rc1 Rc6 33. Qd5+ Rd6 34. Qb5+ Ke6 35. Qc4+ Kd7 36. Qc8# 1-0